 Dungeon Crawl Stone Soup version 0.27.0-1-g7a089689b8 (webtiles) character file.

Game seed: 2698227548550696711

1406 Anothat the Cleaver (level 8, -6/74 HPs)
             Began as a Hill Orc Fighter on Aug 10, 2021.
             Mangled by a steam dragon (7 damage)
             ... on level 6 of the Dungeon.
             The game lasted 00:09:11 (6498 turns).

Anothat the Cleaver (Hill Orc Fighter)              Turns: 6498, Time: 00:09:12

Health: -6/74      AC:  8    Str: 21    XL:     8   Next: 70%
Magic:  8/8        EV:  8    Int:  8    God:
Gold:   242        SH:  9    Dex: 13    Spells: 7/7 levels left

rFire    . . .     SeeInvis .   q - +12 hand axe "Zelah" {holy, rElec Dex+3}
rCold    + . .     Faith    .   c - +0 kite shield
rNeg     . . .     Spirit   .   n - +3 ring mail {rC+}
rPois    .         Reflect  .   (no helmet)
rElec    +         Harm     .   (no cloak)
rCorr    .         Rampage  .   (no gloves)
Will     .....                  (no boots)
Stlth    +.........             (no amulet)
HPRegen  0.22/turn              (no ring)
MPRegen  0.11/turn              (no ring)

@: lethally poisoned (-6 -> -10), very slightly contaminated, slowed, invisible,
very slow
A: no striking features
a: no special abilities


You were on level 6 of the Dungeon.
You visited 1 branch of the dungeon, and saw 6 of its levels.

You collected 242 gold pieces.

Inventory:

Hand Weapons
 a - a +0 war axe
 o - a +5 falchion
 q - the +12 hand axe "Zelah" (weapon) {holy, rElec Dex+3}
   (You found it on level 4 of the Dungeon)

   It has been blessed by the Shining One to cause great damage to the undead
   and demons.
   Dex:       It affects your dexterity (+3).
   rElec:     It insulates you from electricity.
Missiles
 f - 75 stones (quivered)
 m - a throwing net
Armour
 b - a +0 scale mail
 c - a +0 kite shield (worn)
 k - a +0 chain mail
 n - a +3 ring mail of cold resistance (worn)
Jewellery
 t - a ring of protection from cold
 w - a ring of fire
Scrolls
 g - 3 scrolls of identify
 i - 2 scrolls of vulnerability
 l - 2 scrolls of immolation
 p - a scroll of teleportation
Potions
 d - a potion of degeneration
 e - a potion of heal wounds
 j - a potion of brilliance {unknown}
 s - a potion of might
 u - a potion of curing {unknown}
 v - a potion of lignification {unknown}
 x - a potion of resistance


   Skills:
 + Level 8.0 Fighting
 * Level 11.2 Axes
 - Level 3.2 Armour
 - Level 3.2 Shields


You had 7 spell levels left.
You didn't know any spells.
Your spell library contained the following spells:

 Spells                   Type           Power      Damage    Failure   Level
 Sublimation of Blood     Necr           0%         N/A       99%         2
 Petrify                  Tmut/Erth      0%         N/A       100%        4
 Irradiate                Conj/Tmut      0%         3d14      100%        5


Dungeon Overview and Level Annotations

Branches:
Dungeon (6/15)             Temple (0/1) D:4

Altars:
Dithmenos
Elyvilon
Makhleb
Okawaru
Qazlal
Uskayaw
Vehumet

Shops:
D:2 [*[

Annotations:
D:5 2 runed translucent doors, Skimidon's ghost, amateur GnAr


Message History

You block the curare-tipped dart.
The kobold brigand throws a curare-tipped dart.
The curare-tipped dart hits you.
You are poisoned.
You have difficulty breathing.
You feel yourself slow down.
You feel sick. The steam dragon breathes steam at you.
The ball of steam hits you!!
You feel sick.
You feel sick.
The kobold brigand throws a curare-tipped dart.
The curare-tipped dart hits you.
You are more poisoned.
You have difficulty breathing.
You feel as though you will be slow longer.
You feel very sick.
The kobold brigand throws a curare-tipped dart.
The curare-tipped dart hits you.
You are more poisoned.
You have difficulty breathing.
* * * LOW HITPOINT WARNING * * *
You feel as though you will be slow longer.
The kobold brigand throws a curare-tipped dart.
You block the curare-tipped dart.
Okay, then.
* * * LOW HITPOINT WARNING * * *
You feel very sick.
You feel much better.
You feel very sick.
The kobold brigand throws a curare-tipped dart.
You block the curare-tipped dart.
You fade into invisibility!
You feel very sick. The steam dragon breathes steam at you.
The ball of steam hits you!
* * * LOW HITPOINT WARNING * * *
You are very lightly contaminated with residual magic.
* * * LOW HITPOINT WARNING * * *
x2 You feel sick.
The steam dragon bites you!
You die...

..##.....######
###########.##..........#
#...........##..........#
#...........##..........#
#............###'#......#
#............## .#......#
#........K.O§§# .#......#
#...........#D##.#......#
#.###########§@.§#......#
#.## #.§.§# #..# #.§§§#
##..# #....# .OD.. #....#
........ ##.#.#
K≈..(...!.# #.#.#
≈..≈.......# #.#.#
≈..≈..≈≈...≈ #...#
#########


You could see a steam dragon (catching breath).

Vanquished Creatures
  Sigmund (D:3)
  Edmund (D:4)
  A water moccasin (D:5)
  An ice beast (D:5)
  Blork the orc (D:4)
  2 howler monkeys (D:5)
  2 centaur zombies
  A hound (D:5)
  4 iguanas
  Terence (D:2)
  Robin (D:4)
  5 gnolls
  A howler monkey skeleton (D:5)
  6 adders
  2 shadow imps (D:5)
  An adder skeleton (D:4)
  2 worms
  4 dart slugs
  2 orcs
  2 bats
  7 endoplasms
  4 giant cockroaches
  14 goblins
  9 hobgoblins
  8 jackals
  9 kobolds
  4 quokkas
  9 ball pythons
  4 frilled lizards
  4 rats
113 creatures vanquished.

Vanquished Creatures (others)
  2 plants (D:1)
2 creatures vanquished.

Grand Total: 115 creatures vanquished

Notes
Turn   | Place    | Note
-------+----------+-------------------------------------------
     0 | D:1      | Anothat the Hill Orc Fighter began the quest for the Orb.
     0 | D:1      | Reached XP level 1. HP: 19/19 MP: 1/1
    37 | D:1      | Reached skill level 3 in Axes
    37 | D:1      | Reached XP level 2. HP: 21/27 MP: 2/2
   259 | D:1      | Reached skill level 4 in Axes
   261 | D:1      | Reached XP level 3. HP: 28/33 MP: 3/3
  1272 | D:2      | Reached XP level 4. HP: 41/41 MP: 4/4
  1400 | D:2      | Found Raddim's Armour Boutique.
  1467 | D:2      | Reached skill level 5 in Axes
  1477 | D:2      | Found Resibb's Assorted Antiques.
  1608 | D:2      | Noticed Terence
  1622 | D:2      | Killed Terence
  1893 | D:2      | Found a hide-covered altar of Uskayaw.
  1896 | D:2      | Found Iluwa's Armour Shoppe.
  2422 | D:3      | Found a faded altar of an unknown god.
  2455 | D:3      | Reached XP level 5. HP: 30/47 MP: 5/5
  2681 | D:3      | Reached skill level 5 in Fighting
  2681 | D:3      | Reached skill level 6 in Axes
  3124 | D:3      | Noticed Sigmund
  3136 | D:3      | Killed Sigmund
  3137 | D:3      | Reached skill level 7 in Axes
  3137 | D:3      | Reached XP level 6. HP: 38/57 MP: 6/6
  3944 | D:3      | Found a shadowy altar of Dithmenos.
  3948 | D:3      | Found an iron altar of Okawaru.
  3948 | D:3      | Found a burning altar of Makhleb.
  3949 | D:3      | Found a radiant altar of Vehumet.
  3952 | D:3      | Found a white marble altar of Elyvilon.
  4172 | D:4      | Found a stormy altar of Qazlal.
  4276 | D:4      | Noticed Edmund
  4307 | D:4      | Killed Edmund
  4308 | D:4      | Reached skill level 8 in Axes
  4308 | D:4      | Reached XP level 7. HP: 15/63 MP: 7/7
  4543 | D:4      | Noticed Robin
  4549 | D:4      | Killed Robin
  4614 | D:4      | Found a staircase to the Ecumenical Temple.
  4675 | D:4      | Identified the +12 hand axe "Zelah" {holy, rElec Dex+3}
  4863 | D:4      | Noticed Blork the orc
  4871 | D:4      | Killed Blork the orc
  5157 | D:5      | Entered Level 5 of the Dungeon
  5203 | D:5      | Reached skill level 9 in Axes
  5665 | D:5      | Reached XP level 8. HP: 73/73 MP: 8/8
  5807 | D:5      | Reached skill level 10 in Axes
  5852 | D:5      | Found a large runed translucent door.
  5853 | D:5      | Found a large runed translucent door.
  5853 | D:5      | Noticed Skimidon's ghost (amateur GnAr)
  6470 | D:6      | Reached skill level 11 in Axes
  6498 | D:6      | HP: 1/74 [steam dragon] (14)]
  6498 | D:6      | Mangled by a steam dragon

Illustrated notes

Levels and vault maps discovered:
D:1:      dpeg_arrival_rhombus, layout_rooms, serial_bayou_ford_a
D:2:      layout_basic, basic_altar, serial_shops, shop, shop_statue,
          nicolae_diamond_shop, uniq_terence
D:3:      layout_loops_corners, minitemple, ebering_ecumenical_altar_rust,
          amcnicky_mini_corridor_feature, minmay_misc_feat_iff,
          grunt_ministairs_8, uniq_sigmund
D:4:      layout_basic, nicolae_qazlal_general_emergency,
          minmay_temple_entry_large_hall, lemuel_flame_loot_1,
          uniq_blork_the_orc, uniq_edmund, uniq_robin
D:5:      layout_layer_cave, ebering_ghost_disaster_area
D:6:      cheibrodos_helix_gallery, layout_basic,
          nicolae_ossuary_entry_false_entrances, nicolae_zen_rock_garden,
          nicolae_specific_store

Skill      XL: |  1  2  3  4  5  6  7  8 |
---------------+-------------------------+-----
Axes           | 3 4 5 7 8 9 11 | 11.2
Fighting       | 4 5 6 7 8 |  8.0
Armour         | |  3.2
Shields        | |  3.2

Action                   |  1- 3 |  4- 6 |  7- 9 || total
-------------------------+-------+-------+-------++-------
Melee: War axe           |    76 |   189 |    31 ||   296
       Hand axe          |       |       |    64 ||    64
Throw: Stone             |    15 |    14 |     2 ||    31
  Use: Potion            |       |     2 |     2 ||     4
       Scroll            |       |       |     6 ||     6
 Stab: Invisible         |       |     5 |       ||     5
Armor: Scale mail        |    32 |    10 |       ||    42
       Chain mail        |       |    81 |     3 ||    84
       Ring mail         |       |       |    25 ||    25
Dodge: Dodged            |    23 |    58 |    23 ||   104
Block: Kite shield       |    40 |    83 |    44 ||   167
